 Dungeon Crawl Stone Soup version 0.19.1 (webtiles) character file.

79 tizzy the Slasher (level 4, 30/35 HPs)
             Began as a Demonspawn Berserker on Nov 25, 2016.
             Was a Follower of Trog.
             Quit the game on level 3 of the Dungeon.
             The game lasted 00:03:54 (2749 turns).

tizzy the Slasher (Demonspawn Berserker)            Turns: 2749, Time: 00:03:55

Health: 30/35      AC:  5    Str: 17    XL:     4   Next: 17%
Magic:  4/4        EV: 11    Int:  8    God:    Trog [*.....]
Gold:   90         SH:  0    Dex: 14    Spells: 0 memorised, 3 levels left

rFire  . . .     SeeInvis .     a - +0 falchion
rCold  . . .     Gourm    .     h - +0 ring mail
rNeg   . . .     Faith    .     (no shield)
rPois  .         Spirit   .     (helmet restricted)
rElec  .         Reflect  .     (no cloak)
rCorr  .         Harm     .     (no gloves)
MR     .....                    (no boots)
Stlth  ++........               (no amulet)
                                (no ring)
                                (no ring)

@: exhausted, slowed, very slow
A: horns 1, nightstalker 1
a: Berserk, Burn Spellbooks, Renounce Religion


You were on level 3 of the Dungeon.
You worshipped Trog.
Trog was aware of your devotion.
You were hungry.

You visited 1 branch of the dungeon, and saw 3 of its levels.

You collected 90 gold pieces.

Inventory:

Hand Weapons
 a - a +0 falchion (weapon)
Missiles
 e - 7 curare-tipped needles
 f - a throwing net (quivered)
Armour
 h - a +0 ring mail (worn)
Scrolls
 d - a scroll of noise {unknown}
 g - a scroll of amnesia {unknown}
 j - a scroll of identify {unknown}
 k - a scroll of recharging {unknown}
Potions
 b - a potion of lignification {unknown}
 l - a potion of ambrosia {unknown}
Comestibles
 c - 4 bread rations
 i - a meat ration
 m - a slice of pizza
 n - 5 chunks of flesh


   Skills:
 - Level 3.0 Fighting
 * Level 4.5 Long Blades
 - Level 1.7 Armour
 - Level 1.7 Dodging


You had 3 spell levels left.
You didn't know any spells.

Dungeon Overview and Level Annotations

Branches:
Dungeon (3/15)

Altars:
Dithmenos
Elyvilon
Makhleb
Nemelex Xobeh
Trog
Uskayaw
Yredelemnul


Innate Abilities, Weirdness & Mutations

You have a pair of small horns on your head.
You are slightly more attuned to the shadows.


Message History

You have reached level 4!
You feel agile.
You feel monstrous as your demonic heritage exerts itself.
Your demonic ancestry asserts itself...
A pair of horns grows on your head!
You feel a strong urge to attack something.
The gnoll hits you with an enchanted spear.
You slash the gnoll!
You kill the gnoll!
Trog accepts your kill.
You see here a whip.
You feel a strong urge to attack something.
You see here a whip.
You feel your anger subside.
You are no longer berserk.
You are exhausted.
You feel yourself slow down.
You see here an enchanted spear.
There isn't anything to butcher here.
Autopickup is now off.
Are you sure you want to abandon this character and quit the game? (Confirm with "yes".)

##.....## #..##..#
..####[##..##
#......###..#
######.###..##
#..##...# ..
##.##...##
....###)..#...###
......<.@.......#
....###.....##.#####
.<..###.#.#........#
..................#
#####..#.#........#
#.............#
######........#
#........#
#....###.#


There were no monsters in sight!

Vanquished Creatures
  3 gnolls
  An adder (D:2)
  2 worms (D:2)
  A dart slug (D:1)
  A leopard gecko (D:1)
  2 orcs (D:2)
  A ball python (D:1)
  4 bats
  2 goblins
  3 hobgoblins (D:1)
  A jackal (D:1)
  5 kobolds
  A quokka (D:2)
  A frilled lizard (D:1)
  3 rats (D:1)
31 creatures vanquished.

Notes
Turn   | Place    | Note
-------+----------+-------------------------------------------
     0 | D:1      | tizzy the Demonspawn Berserker began the quest for the Orb.
     0 | D:1      | Reached XP level 1. HP: 18/18 MP: 1/1
   107 | D:1      | Reached skill level 3 in Long Blades
   259 | D:1      | Gained mutation: You are slightly more attuned to the shadows. [demonic ancestry]
   259 | D:1      | Reached XP level 2. HP: 24/24 MP: 2/2
  1126 | D:2      | Found a bloodstained altar of Trog.
  1268 | D:2      | Reached XP level 3. HP: 23/29 MP: 3/3
  1942 | D:2      | Reached skill level 4 in Long Blades
  2274 | D:2      | Found a basalt altar of Yredelemnul.
  2276 | D:2      | Found a shadowy altar of Dithmenos.
  2279 | D:2      | Found a sparkling altar of Nemelex Xobeh.
  2281 | D:2      | Found a hide-covered altar of Uskayaw.
  2285 | D:2      | Found a white marble altar of Elyvilon.
  2427 | D:3      | Found a burning altar of Makhleb.
  2427 | D:3      | Noticed a cacodemon
  2430 | D:3      | Noticed a ynoxinul
  2430 | D:3      | Noticed a smoke demon
  2742 | D:3      | Gained mutation: You have a pair of small horns on your head. [demonic ancestry]
  2742 | D:3      | Reached XP level 4. HP: 35/35 MP: 4/4
  2749 | D:3      | Quit the game

Skill      XL: |  1  2  3 |
---------------+----------+-----
Long Blades    | 3 4 |  4.5
Fighting       | |  3.0
Armour         | |  1.7
Dodging        | |  1.7

Action                   |  1- 3 |  4- 6 || total
-------------------------+-------+-------++-------
Melee: Falchion          |   109 |     1 ||   110
Throw: Throwing net      |     2 |       ||     2
Invok: Berserk           |     2 |       ||     2
 Stab: Sleeping          |     5 |       ||     5
       Held in net/web   |     1 |       ||     1
  Eat: Chunk             |     7 |       ||     7
Armor: Animal skin       |    15 |       ||    15
       Ring mail         |    18 |       ||    18
Dodge: Dodged            |    72 |       ||    72
       Rpst.: Falchion   |    26 |       ||    26
